 Dungeon Crawl Stone Soup version 0.20-a0-317-gc038824 (webtiles) character file.

978 Glaeka the Carver (level 8, -3/70 HPs)
             Began as a Hill Orc Chaos Knight on Dec 20, 2016.
             Killed from afar by an electric eel (12 damage)
             ... with a bolt of electricity
             ... on level 6 of the Dungeon.
             The game lasted 00:27:43 (3011 turns).

Glaeka the Carver (Hill Orc Chaos Knight)           Turns: 3011, Time: 00:27:43

Health: -3/70      AC:  7    Str: 17    XL:     8   Next: 17%
Magic:  8/8        EV: 11    Int: 12    God:    Xom [...*..]
Gold:   213        SH:  0    Dex: 10    Spells: 7/7 levels left

rFire  . . .     SeeInvis .     a - +7 falchion "Tuly" {slice, MR+}
rCold  . . .     Gourm    .     y - +2 leather armour
rNeg   . . .     Faith    .     (no shield)
rPois  .         Spirit   .     s - +0 helmet
rElec  .         Reflect  .     (no cloak)
rCorr  .         Harm     .     (no gloves)
MR     +....                    g - +0 pair of boots
Stlth  +.........               o - amulet of regeneration
                                (no ring)
                                (no ring)

@: no status effects
A: no striking features
a: Renounce Religion


You were on level 6 of the Dungeon.
You worshipped Xom.
You were a favourite toy of Xom.
You were not hungry.

You visited 1 branch of the dungeon, and saw 6 of its levels.

You collected 213 gold pieces.

Inventory:

Hand Weapons
 a - the +7 falchion "Tuly" (weapon) {slice, MR+}
   (You found it on level 4 of the Dungeon)

   It inflicts extra damage upon your enemies.
   It affects your resistance to hostile enchantments.
 b - a +0 shortbow
 c - a +0 falchion of chaos
Missiles
 B - 5 tomahawks (quivered)
Armour
 g - a +0 pair of boots (worn)
 s - a +0 helmet (worn)
 y - a +2 leather armour (worn)
Jewellery
 n - an uncursed ring of wizardry
 o - an amulet of regeneration (around neck)
 q - an uncursed ring of protection from cold {unknown}
 t - a +2 ring of intelligence {unknown}
Wands
 D - a wand of lightning (8/15)
Scrolls
 d - 2 scrolls of fear {unknown}
 e - a scroll of teleportation {unknown}
 f - a scroll of identify
 h - 2 scrolls of remove curse {unknown}
 j - 2 scrolls of amnesia
 k - 2 scrolls of recharging {unknown}
 r - 2 scrolls of immolation {unknown}
 v - 2 scrolls of enchant weapon {unknown}
 z - a scroll of random uselessness {unknown}
 E - a scroll of blinking {unknown}
Potions
 i - a potion of heal wounds
 l - a potion of berserk rage {unknown}
 p - 2 potions of flight {unknown}
 u - a potion of haste {unknown}
 w - a potion of cancellation {unknown}
 x - a potion of ambrosia
 C - a potion of cure mutation {unknown}
Comestibles
 m - 2 meat rations
 A - 3 bread rations


   Skills:
 + Level 6.0 Fighting
 * Level 9.2 Long Blades
 + Level 0.5 Throwing
 + Level 3.4 Armour
 - Level 0.7 Dodging


You had 7 spell levels left.
You didn't know any spells.

Dungeon Overview and Level Annotations

Branches:
Dungeon (6/15)             Temple (0/1) D:4

Altars:
Ashenzari
Cheibriados
Gozag
Kikubaaqudgha
Xom
Yredelemnul

Annotations:
D:3 Terence


Message History

The electric eel shoots out a bolt of lightning at you!
The bolt of electricity hits you!
* * * LOW HITPOINT WARNING * * *
The bolt of electricity hits you!
* * * LOW HITPOINT WARNING * * *
It was a potion of heal wounds.
You feel much better.
The electric eel shoots out a bolt of lightning at you!
The bolt of electricity hits you!
* * * LOW HITPOINT WARNING * * *
The bolt of electricity hits you!
* * * LOW HITPOINT WARNING * * *
You closely miss the electric eel.
The electric eel is heavily wounded.
You miss the electric eel.
The electric eel is heavily wounded.
You miss the electric eel.
The electric eel is heavily wounded.
The electric eel shoots out a bolt of lightning at you!
The bolt of electricity hits you!
You die...

≈≈≈≈≈≈ ≈≈≈≈≈≈≈ ####
############# #≈≈≈≈≈≈≈
≈≈≈≈
≈≈≈≈≈≈≈≈≈≈≈≈#####≈≈≈≈≈≈≈
≈≈≈≈
≈≈≈≈≈≈≈≈≈≈≈≈≈≈≈≈≈≈≈≈≈≈≈≈
≈≈≈≈
≈≈≈≈≈≈≈;≈≈≈≈≈≈≈≈≈≈≈≈≈≈≈≈
≈≈≈≈
≈≈≈≈.≈≈@≈≈.≈≈.≈≈≈≈...≈≈.
:...
........................
....
........................
....
##########..####..######
#### ##.# ##.## ########
#.###..#
#......###########......##
#.##<..............>.....#
#.##.#..##.##########...##


You could see an electric eel.

Vanquished Creatures
  2 ogres
  Blork the orc (D:4)
  A bullfrog (D:4)
  A scorpion (D:4)
  A crimson imp (D:6)
  A hound (D:4)
  2 orc wizards (D:4)
  A bullfrog skeleton (D:4)
  An iguana (D:4)
  5 worker ants (D:4)
  A hound skeleton (D:4)
  Robin (D:2)
  11 gnolls
  6 adders
  An adder skeleton (D:4)
  A worm (D:3)
  2 dart slugs (D:1)
  2 leopard geckos
  9 orcs
  10 bats
  A giant cockroach (D:4)
  10 hobgoblins
  7 jackals
  A quokka (D:2)
  A ball python (D:3)
  7 frilled lizards
  19 goblins
  A jackal skeleton (D:4)
  5 kobolds
  5 rats
117 creatures vanquished.

Vanquished Creatures (others)
  A phantom (D:3)
1 creature vanquished.

Grand Total: 118 creatures vanquished

Notes
Turn   | Place    | Note
-------+----------+-------------------------------------------
     0 | D:1      | Glaeka the Hill Orc Chaos Knight began the quest for the Orb.
     0 | D:1      | Reached XP level 1. HP: 19/19 MP: 1/1
   106 | D:1      | XOM: divination: detect creatures
   134 | D:1      | Reached XP level 2. HP: 24/27 MP: 2/2
   356 | D:1      | XOM: harmless Air miscast
   507 | D:1      | Reached XP level 3. HP: 27/34 MP: 3/3
   789 | D:2      | Reached skill level 4 in Long Blades
   806 | D:2      | Noticed Robin
   845 | D:2      | Killed Robin
   863 | D:2      | Reached XP level 4. HP: 20/41 MP: 4/4
  1061 | D:2      | Reached skill level 5 in Long Blades
  1212 | D:2      | XOM: potion effect (haste)
  1213 | D:2      | Reached XP level 5. HP: 22/47 MP: 5/5
  1504 | D:3      | XOM: destruction
  1645 | D:3      | XOM: smoke on damage
  1702 | D:3      | Found a snail-covered altar of Cheibriados.
  1757 | D:3      | Found a shimmering altar of Xom.
  1758 | D:3      | Noticed a phantom
  1764 | D:3      | XOM: enchant monster (good)
  1783 | D:3      | Found a basalt altar of Yredelemnul.
  1802 | D:3      | Banished a phantom
  1802 | D:3      | Reached skill level 6 in Long Blades
  1802 | D:3      | Reached XP level 6. HP: 3/55 MP: 6/6
  1850 | D:3      | Reached skill level 5 in Fighting
  1857 | D:3      | XOM: divination: detect items
  1922 | D:3      | Noticed Terence
  1996 | D:4      | Found an ancient bone altar of Kikubaaqudgha.
  2114 | D:4      | Reached skill level 7 in Long Blades
  2177 | D:4      | Reached XP level 7. HP: 44/61 MP: 7/7
  2193 | D:4      | Got a bone falchion
  2194 | D:4      | Identified the +7 falchion "Tuly" {slice, MR+} (You found it on level 4 of the Dungeon)
  2229 | D:4      | Found a staircase to the Ecumenical Temple.
  2282 | D:4      | Found a shattered altar of Ashenzari.
  2418 | D:4      | Noticed Blork the orc
  2419 | D:4      | XOM: divination: magic mapping
  2424 | D:4      | Killed Blork the orc
  2481 | D:4      | Reached skill level 8 in Long Blades
  2715 | D:4      | Reached XP level 8. HP: 66/70 MP: 8/8
  2719 | D:4      | Found an opulent altar of Gozag.
  2754 | D:5      | Entered Level 5 of the Dungeon
  2782 | D:6      | XOM: 2-stop teleportation journey
  2798 | D:6      | XOM: cast spell 'Hydra Form'
  2944 | D:6      | Reached skill level 9 in Long Blades
  3007 | D:6      | HP: 1/70 [electric eel/bolt of electricity (7)]
  3011 | D:6      | Killed from afar by an electric eel

Vault maps used:
D:1:      dpeg_arrival_arbitrary_b
D:2:      uniq_robin
D:3:      lemuel_crystal_altar, overflow_temple_1_default, lemuel_round_altar,
          first_bread, uniq_terence
D:4:      lemuel_crystal_altar, overflow_temple_1_default,
          lemuel_coloured_pillars_altar, uniq_blork_the_orc
D:5:      nicolae_overflow_crystal_walls
D:6:      minmay_goblin_kobold_castle

Skill      XL: |  1  2  3  4  5  6  7  8 |
---------------+-------------------------+-----
Fighting       | 4 5 6 |  6.0
Long Blades    | 4 5 6 7 8 9 |  9.2
Armour         | 3 |  3.4
Throwing       | |  0.5
Dodging        | |  0.7

Action                   |  1- 3 |  4- 6 |  7- 9 || total
-------------------------+-------+-------+-------++-------
Melee: Falchion          |   101 |   199 |    69 ||   369
       Unarmed           |       |       |     4 ||     4
Throw: Tomahawk          |       |       |     8 ||     8
  Use: Potion            |       |     4 |     1 ||     5
       Scroll            |       |     3 |       ||     3
 Stab: Petrified         |       |     3 |       ||     3
       Paralysed         |       |     1 |       ||     1
  Eat: Chunk             |       |     3 |     2 ||     5
       Pizza             |       |     1 |       ||     1
Armor: Leather armour    |    38 |    48 |    13 ||    99
       Scale mail        |       |    20 |       ||    20
       Skin              |       |       |     1 ||     1
Dodge: Dodged            |    38 |    76 |    19 ||   133
       Rpst.: Falchion   |    14 |    18 |     9 ||    41
